[Event "2024 Perth Chess Club Championship (Reserves)"]
[Site "Woodvale, Perth WA AUS"]
[Date "2024.04.17"]
[Round "2"]
[White "Browning, Thomas"]
[Black "Knight, Charles"]
[Result "1-0"]
[ECO "B06"]
[WhiteElo "1644"]
[BlackElo "1474"]
[PlyCount "70"]
[EventDate "2024.04.10"]
[EventType "swiss"]
[EventRounds "7"]
[TimeControl "3600+30"]

1. e4 g6 2. d4 d6 3. Nf3 Bg7 4. h3 Nd7 5. Bc4 e6 6. c3 c5 7. Ng5 Nb6 8. Bb3
cxd4 9. cxd4 h6 10. Nf3 Nf6 11. Nc3 O-O 12. O-O a6 13. Bf4 Nh7 14. Re1 Re8 15.
Qd2 g5 16. Bg3 Qe7 17. e5 d5 18. h4 Nc4 19. Bxc4 dxc4 20. hxg5 Nxg5 21. Nh2 b5
22. Qf4 b4 23. Ne4 Nxe4 24. Rxe4 Bb7 25. Bh4 Qf8 26. Re3 Kh7 27. Ng4 Qg8 28.
Bf6 h5 29. Rh3 Qf8 30. Rxh5+ Kg8 31. Qg5 Be4 32. Bxg7 Qxg7 33. Nf6+ Kf8 34.
Rh8+ Ke7 35. Rxe8+ Rxe8 1-0

[Event "2024 Perth Chess Club Championship (Reserves)"]
[Site "Woodvale, Perth WA AUS"]
[Date "2024.04.17"]
[Round "2"]
[White "Kerr, Carter"]
[Black "Otis, Max"]
[Result "0-1"]
[ECO "B11"]
[WhiteElo "1875"]
[BlackElo "1348"]
[PlyCount "62"]
[EventDate "2024.04.10"]
[EventType "swiss"]
[EventRounds "7"]
[TimeControl "3600+30"]

1. e4 c6 2. Nf3 d5 3. Nc3 dxe4 4. Nxe4 Nf6 5. Qe2 Nxe4 6. Qxe4 Be6 7. Bc4 Bd5
8. Ne5 e6 9. Bxd5 Qxd5 10. Qxd5 cxd5 11. O-O Nc6 12. Nxc6 bxc6 13. d4 c5 14. c3
cxd4 15. cxd4 g6 16. Be3 Bg7 17. Rac1 Kd7 18. Rc5 Rhc8 19. b4 a5 20. a3 axb4
21. axb4 Bf8 22. b5 Bxc5 23. dxc5 Ra5 24. Rb1 Rb8 25. c6+ Kd6 26. Bf4+ e5 27.
Bxe5+ Kxe5 28. c7 Rba8 29. b6 Ra1 30. f4+ Kd6 31. c8=N+ Kd7 0-1

[Event "2024 Perth Chess Club Championship (Reserves)"]
[Site "Woodvale, Perth WA AUS"]
[Date "2024.04.17"]
[Round "2"]
[White "Porteus, Grant"]
[Black "Kerr, Lennon"]
[Result "0-1"]
[ECO "D02"]
[WhiteElo "1183"]
[BlackElo "1712"]
[PlyCount "56"]
[EventDate "2024.04.10"]
[EventType "swiss"]
[EventRounds "7"]
[TimeControl "3600+30"]

1. d4 d5 2. Bf4 c5 3. c3 Nc6 4. Nf3 Nf6 5. Nbd2 cxd4 6. Nxd4 Nxd4 7. cxd4 Qb6
8. Nb3 e6 9. a3 Bd7 10. Nc5 Bxc5 11. dxc5 Qxc5 12. Rc1 Qb6 13. b4 O-O 14. e3
Rac8 15. Bd3 Rxc1 16. Qxc1 Bb5 17. Qb1 Qa6 18. Kd2 Bxd3 19. Qxd3 Ne4+ 20. Ke2
Qxd3+ 21. Kxd3 Nxf2+ 22. Ke2 Nxh1 23. Kf1 Rc8 24. e4 Rc2 25. Be3 Ra2 26. g3
Rxh2 27. Kg1 Rh3 28. Kg2 Rxg3+ 0-1

[Event "2024 Perth Chess Club Championship (Reserves)"]
[Site "Woodvale, Perth WA AUS"]
[Date "2024.04.17"]
[Round "2"]
[White "Michael, Ashley"]
[Black "Dawoud, Ahmad"]
[Result "1-0"]
[ECO "C44"]
[WhiteElo "1559"]
[BlackElo "1149"]
[PlyCount "33"]
[EventDate "2024.04.10"]
[EventType "swiss"]
[EventRounds "7"]
[TimeControl "3600+30"]

1. e4 e5 2. Nf3 Nc6 3. c3 Nf6 4. d4 Nxe4 5. d5 Ne7 6. Nxe5 Ng6 7. Nxg6 hxg6 8.
Bd3 Nf6 9. Bg5 Rh5 10. h4 Qe7+ 11. Kd2 Qe5 12. Re1 Qxe1+ 13. Qxe1+ Be7 14. c4
d6 15. Nc3 Bd7 16. Qe2 Kf8 17. Re1 1-0

[Event "2024 Perth Chess Club Championship (Reserves)"]
[Site "Woodvale, Perth WA AUS"]
[Date "2024.04.17"]
[Round "2"]
[White "Gough, Dylan"]
[Black "Boswarva, Ernest"]
[Result "1-0"]
[ECO "D10"]
[WhiteElo "1784"]
[BlackElo "1497"]
[PlyCount "79"]
[EventDate "2024.04.10"]
[EventType "swiss"]
[EventRounds "7"]
[TimeControl "3600+30"]

1. d4 d5 2. c4 c6 3. e3 Bf5 4. Nc3 a6 5. cxd5 Nf6 6. dxc6 Nxc6 7. Bd3 Bxd3 8.
Qxd3 e6 9. a3 Be7 10. Nf3 O-O 11. Qe2 Qc7 12. O-O Rad8 13. Rd1 Rfe8 14. b4 Nxb4
15. Bb2 Nc6 16. Rac1 Qb8 17. e4 Rd7 18. Na4 Qf4 19. Nb6 Rdd8 20. d5 exd5 21. e5
Bd6 22. Nxd5 Nxd5 23. Rxd5 Bxe5 24. Rxd8 Rxd8 25. g3 Qg4 26. Rc4 Nd4 27. Bxd4
Bxd4 28. Rxd4 Qc8 29. Rc4 Qd7 30. Qc2 h6 31. Rc7 Qd1+ 32. Qxd1 Rxd1+ 33. Kg2
Ra1 34. Rxb7 Rxa3 35. Ra7 a5 36. Ne5 Ra1 37. Rxf7 a4 38. Ra7 a3 39. Nd3 Rb1 40.
Rxa3 1-0

[Event "2024 Perth Chess Club Championship (Reserves)"]
[Site "Woodvale, Perth WA AUS"]
[Date "2024.04.17"]
[Round "2"]
[White "Powell, Darren"]
[Black "Leonhardt, Wolfgang"]
[Result "1-0"]
[ECO "B13"]
[WhiteElo "1303"]
[BlackElo "1767"]
[PlyCount "129"]
[EventDate "2024.04.10"]
[EventType "swiss"]
[EventRounds "7"]
[TimeControl "3600+30"]

1. e4 c6 2. Nf3 d5 3. exd5 cxd5 4. d4 a6 5. Nc3 Nc6 6. h3 Bf5 7. a3 Nf6 8. Bd2
e6 9. Be2 Bd6 10. Bg5 h6 11. Bxf6 Qxf6 12. O-O g5 13. Re1 O-O-O 14. b4 g4 15.
hxg4 Bxg4 16. b5 Nb8 17. bxa6 bxa6 18. Na4 Bxf3 19. Bxf3 Qh4 20. g3 Rhg8 21.
Kf1 Qf6 22. c4 dxc4 23. Nb6+ Kc7 24. Nxc4 Bxg3 25. Qb3 Kd7 26. Qb7+ Ke8 27.
Rad1 Bh2 28. Ke2 Kf8 29. Ne5 Bxe5 30. dxe5 Qxe5+ 31. Kf1 Qf6 32. Bh5 Rg7 33.
Rxd8+ Qxd8 34. Rd1 Qe8 35. Rc1 Qb5+ 36. Qxb5 axb5 37. Rc8+ Ke7 38. Rxb8 Rg5 39.
Be2 h5 40. Bxb5 f5 41. Bc6 e5 42. a4 Kd6 43. Bg2 e4 44. a5 f4 45. Bxe4 Rxa5 46.
Rf8 Ra4 47. Bf3 h4 48. Rh8 Ra3 49. Kg2 Ke5 50. Rxh4 Ra6 51. Rg4 Kf5 52. Rg8 Rh6
53. Bg4+ Ke5 54. Kf3 Rf6 55. Rg5+ Kd4 56. Rf5 Rxf5 57. Bxf5 Ke5 58. Be4 Kf6 59.
Kxf4 Ke7 60. Kf5 Kf7 61. f4 Ke7 62. Kg6 Kf8 63. f5 Kg8 64. f6 Kf8 65. f7 1-0

[Event "2024 Perth Chess Club Championship (Reserves)"]
[Site "Woodvale, Perth WA AUS"]
[Date "2024.04.17"]
[Round "2"]
[White "Lanham, Bruce"]
[Black "Sethuraman, Jaswanth Ram"]
[Result "0-1"]
[ECO "A04"]
[WhiteElo "1254"]
[BlackElo "1557"]
[PlyCount "62"]
[EventDate "2024.04.10"]
[EventType "swiss"]
[EventRounds "7"]
[TimeControl "3600+30"]

1. Nf3 Nc6 2. g3 e5 3. c3 d5 4. Bg2 Bg4 5. h3 Bxf3 6. Bxf3 Be7 7. O-O h5 8. d3
Qd7 9. Qb3 O-O-O 10. Nd2 Nf6 11. Qc2 Qxh3 12. e4 Qd7 13. exd5 Nxd5 14. Nb3 h4
15. Qe2 hxg3 16. Bg4 f5 17. c4 Nf4 18. Bxf4 exf4 19. Bf3 Bf6 20. Rad1 Rde8 21.
Qd2 Nd4 22. Nxd4 Qxd4 23. b3 gxf2+ 24. Qxf2 Qxf2+ 25. Kxf2 Rh2+ 26. Bg2 Bd4+
27. Kf3 Re3+ 28. Kxf4 Rxg2 29. Kxf5 g6+ 30. Kf4 Rgg3 31. Rde1 Be5# 0-1

[Event "2024 Perth Chess Club Championship (Reserves)"]
[Site "Woodvale, Perth WA AUS"]
[Date "2024.04.17"]
[Round "2"]
[White "Owen, Geoffrey"]
[Black "Leech, Martin"]
[Result "0-1"]
[ECO "C02"]
[WhiteElo "1104"]
[BlackElo "1546"]
[PlyCount "66"]
[EventDate "2024.04.10"]
[EventType "swiss"]
[EventRounds "7"]
[TimeControl "3600+30"]

1. e4 e6 2. d4 d5 3. e5 c5 4. Nf3 Nc6 5. c3 Qb6 6. Bd3 Bd7 7. Nbd2 cxd4 8. c4
dxc4 9. Nxc4 Qc7 10. O-O Bc5 11. a3 b5 12. b4 bxc4 13. Bxc4 Bb6 14. Re1 Nge7
15. Ng5 Nxe5 16. Bf4 Qxc4 17. Bxe5 f6 18. Qh5+ g6 19. Qh6 Nf5 20. Qh3 fxe5 21.
Rxe5 Qc3 22. Qxc3 dxc3 23. Nxe6 Bxe6 24. Rxe6+ Kf7 25. Rc6 Rac8 26. b5 Rxc6 27.
bxc6 Rc8 28. Rc1 Rxc6 29. g4 Nd4 30. Kf1 c2 31. Ke1 Nb3 32. f4 Nxc1 33. Kd2
Nb3+ 0-1

[Event "2024 Perth Chess Club Championship (Reserves)"]
[Site "Woodvale, Perth WA AUS"]
[Date "2024.04.17"]
[Round "2"]
[White "Overste, Brian"]
[Black "Nauom, Rafik"]
[Result "0-1"]
[ECO "B06"]
[WhiteElo "981"]
[BlackElo "1444"]
[PlyCount "76"]
[EventDate "2024.04.10"]
[EventType "swiss"]
[EventRounds "7"]
[TimeControl "3600+30"]

1. e4 g6 2. Bc4 Nc6 3. Nf3 d6 4. Ng5 e6 5. Qf3 Qxg5 6. Nc3 Ne5 7. Qh3 Qg4 8.
Be2 Qxh3 9. gxh3 b6 10. d4 Nc6 11. Bb5 Bd7 12. Be3 O-O-O 13. Ba6+ Kb8 14. O-O-O
f5 15. f3 Bh6 16. f4 fxe4 17. Nxe4 Nb4 18. Bc4 d5 19. Nd6 cxd6 20. Bb3 Nf6 21.
a3 Nc6 22. Rhf1 Na5 23. Ba2 Nc4 24. Rd3 Bb5 25. Rfd1 Nxe3 26. Rxe3 Bxf4 27.
Rde1 Ne4 28. c4 Bxe3+ 29. Rxe3 Bc6 30. Bb1 Rhf8 31. Bd3 Rf2 32. b4 Ra2 33. b5
Bb7 34. Bb1 Rxh2 35. a4 Rc8 36. Bd3 Nd2 37. Rxe6 Nxc4 38. Kd1 Nb2+ 0-1

[Event "2024 Perth Chess Club Championship (Reserves)"]
[Site "Woodvale, Perth WA AUS"]
[Date "2024.04.17"]
[Round "2"]
[White "Walker, Colin"]
[Black "Gough, Sebastian"]
[Result "1-0"]
[ECO "A45"]
[WhiteElo "1429"]
[BlackElo "1206"]
[PlyCount "41"]
[EventDate "2024.04.10"]
[EventType "swiss"]
[EventRounds "7"]
[TimeControl "3600+30"]

1. d4 Nf6 2. g3 d6 3. Bg2 c6 4. Nc3 Bf5 5. Nf3 Nbd7 6. Nh4 g6 7. Bf4 Bg7 8.
Nxf5 gxf5 9. Qd3 Qb6 10. Na4 Qb4+ 11. Nc3 O-O-O 12. O-O e5 13. dxe5 dxe5 14.
Bg5 e4 15. Qe3 Ng4 16. Qf4 Qxb2 17. Bxd8 Bxc3 18. Qxf5 Ngf6 19. Bxf6 Bxf6 20.
Rad1 Rd8 21. Bh3 1-0

[Event "2024 Perth Chess Club Championship (Reserves)"]
[Site "Woodvale, Perth WA AUS"]
[Date "2024.04.17"]
[Round "2"]
[White "Brooke, John"]
[Black "Markou, Victor"]
[Result "1-0"]
[ECO "C23"]
[WhiteElo "1397"]
[BlackElo "1003"]
[PlyCount "77"]
[EventDate "2024.04.10"]
[EventType "swiss"]
[EventRounds "7"]
[TimeControl "3600+30"]

1. e4 e5 2. Bc4 Ne7 3. d3 g6 4. Qf3 d5 5. exd5 Bg7 6. d6 Nf5 7. dxc7 Qxc7 8.
Nc3 O-O 9. Nd5 Qd7 10. Bd2 Nd4 11. Qd1 a6 12. Nb6 Qe7 13. Nxa8 Nd7 14. Nc7 Nb6
15. Nd5 Qd7 16. Nxb6 Qe7 17. Nxc8 Rxc8 18. Ne2 b5 19. Bb3 Nxb3 20. axb3 e4 21.
O-O Bxb2 22. Rxa6 Qb7 23. Ra2 Bg7 24. Be3 Qe7 25. d4 Rd8 26. Nc3 Qd7 27. Nxe4
Bxd4 28. Qxd4 Qxd4 29. Bxd4 Rxd4 30. Ra8+ Kg7 31. Ng5 h6 32. Nf3 Rd7 33. h3 Rc7
34. Nd4 Rd7 35. Nxb5 Rd2 36. c4 Rc2 37. Nd4 Rd2 38. Rd8 h5 39. Ne6+ 1-0

[Event "2024  Perth Chess Club Championship (Closed)"]
[Site "Woodvale, Perth WA AUS"]
[Date "2024.04.24"]
[Round "3"]
[White "Plaganyi, Gyula"]
[Black "Elkington, Derek"]
[Result "0-1"]
[ECO "D00"]
[WhiteElo "2053"]
[WhiteTitle "CM"]
[BlackElo "1896"]
[PlyCount "76"]
[EventDate "2024.04.10"]
[EventType "tourn"]
[EventRounds "7"]
[TimeControl "5400+30"]

1. d4 Nf6 2. Bf4 d5 3. e3 Bf5 4. Nd2 Nbd7 5. Ngf3 c5 6. c3 Qb6 7. Qb3 c4 8.
Qxb6 axb6 9. Be2 h6 10. h3 b5 11. O-O e6 12. Ne5 Be7 13. a3 Nb6 14. Bd1 O-O 15.
Rc1 Na4 16. Bxa4 bxa4 17. f3 Ra6 18. Rfe1 Bd6 19. e4 Bh7 20. Bh2 Rb6 21. Rb1
Rb5 22. Kh1 Ra8 23. Ng4 Ne8 24. Ne3 Bf8 25. Nc2 f5 26. Nb4 fxe4 27. fxe4 Nf6
28. Be5 Nxe4 29. Nxe4 dxe4 30. Re3 Be7 31. g3 Bg5 32. Re2 e3 33. Rbe1 Bd3 34.
Rxe3 Bxe3 35. Rxe3 Rf8 36. Kg2 h5 37. g4 hxg4 38. hxg4 g5 {Scoresheet not clear
} 0-1

[Event "2024  Perth Chess Club Championship (Closed)"]
[Site "Woodvale, Perth WA AUS"]
[Date "2024.04.24"]
[Round "3"]
[White "Wolstencroft, Alan"]
[Black "Gibson, Jacob"]
[Result "1-0"]
[ECO "C89"]
[WhiteElo "1900"]
[BlackElo "1976"]
[PlyCount "47"]
[EventDate "2024.04.10"]
[EventType "tourn"]
[EventRounds "7"]
[TimeControl "5400+30"]

1. e4 e5 2. Nf3 Nc6 3. Bb5 a6 4. Ba4 Nf6 5. d3 b5 6. Bb3 Bb7 7. O-O Be7 8. c3
d5 9. exd5 Nxd5 10. Re1 O-O 11. Bc2 Qd6 12. Nbd2 f5 13. Nf1 Kh8 14. Ne3 Nf4 15.
d4 e4 16. Nxf5 Rxf5 17. Bxe4 Rff8 18. Ne5 Rae8 19. Bxf4 Rxf4 20. Qh5 g6 21.
Bxg6 Rh4 22. Nf7+ Kg7 23. Nxd6 Rxh5 24. Bxh5 1-0

[Event "2024  Perth Chess Club Championship (Closed)"]
[Site "Woodvale, Perth WA AUS"]
[Date "2024.04.24"]
[Round "3"]
[White "Clarke, Daniel"]
[Black "Maris, Rob"]
[Result "1-0"]
[ECO "B58"]
[WhiteElo "1922"]
[BlackElo "2088"]
[PlyCount "89"]
[EventDate "2024.04.10"]
[EventType "tourn"]
[EventRounds "7"]
[TimeControl "5400+30"]

1. e4 c5 2. Nf3 Nc6 3. d4 cxd4 4. Nxd4 Nf6 5. Nc3 d6 6. Be2 e5 7. Nf3 h6 8. O-O
Be7 9. h3 a6 10. Re1 O-O 11. a3 Be6 12. Bf1 Qc7 13. Be3 b5 14. Nd5 Bxd5 15.
exd5 Na5 16. b3 Nd7 17. a4 Rfb8 18. axb5 axb5 19. Bd2 Bf6 20. Nh2 Bd8 21. Ng4
f5 22. Ne3 f4 23. Nf5 b4 24. Qg4 Bg5 25. h4 Nf6 26. Qh3 Bxh4 27. Nxh4 Qxc2 28.
Bd3 Qc8 29. Qxc8+ Rxc8 30. Bxb4 Nxb3 31. Rxa8 Rxa8 32. Bxd6 e4 33. Bc4 Nd2 34.
Be2 Nxd5 35. Ng6 Ra6 36. Ne7+ Kf7 37. Bh5+ Ke6 38. Nxd5 Rxd6 39. Nc3 Kf5 {(=)}
40. Bd1 Rd3 41. Nxe4 Nxe4 42. Bc2 Rd2 43. Bxe4+ Kf6 44. Rc1 Rd6 45. Rc6 1-0

[Event "2024  Perth Chess Club Championship (Closed)"]
[Site "Woodvale, Perth WA AUS"]
[Date "2024.04.24"]
[Round "3"]
[White "Saxon, Marc"]
[Black "Spirin, Victor"]
[Result "0-1"]
[ECO "B03"]
[WhiteElo "2033"]
[BlackElo "2204"]
[PlyCount "54"]
[EventDate "2024.04.10"]
[EventType "tourn"]
[EventRounds "7"]
[TimeControl "5400+30"]

1. e4 Nf6 2. e5 Nd5 3. d4 d6 4. c4 Nb6 5. exd6 exd6 6. Be3 Nc6 7. a3 Be7 8. Bd3
O-O 9. Nd2 Bf6 10. Ngf3 Bg4 11. Qc2 g6 12. h3 Bd7 13. Ne4 Bg7 14. Ng3 d5 15. c5
Nc4 16. Bxc4 dxc4 17. Qxc4 Be6 18. Qa4 Bd5 19. O-O Bxf3 20. gxf3 Qd5 21. Kg2 f5
22. Ne2 f4 23. Rae1 fxe3 24. fxe3 Rae8 25. Ng3 Nxd4 26. Ne4 Rxe4 27. fxe4 Qxe4+
0-1

[Event "2024  Perth Chess Club Championship (Reserves)"]
[Site "Woodvale, Perth WA AUS"]
[Date "2024.04.24"]
[Round "3"]
[White "Akers, Gerard"]
[Black "De Yaak, Peter"]
[Result "0-1"]
[ECO "B51"]
[WhiteElo "1642"]
[BlackElo "1896"]
[PlyCount "88"]
[EventDate "2024.04.10"]
[EventType "swiss"]
[EventRounds "7"]
[TimeControl "3600+30"]

1. e4 c5 2. Nf3 Nc6 3. Bb5 d6 4. O-O e5 5. c3 Bd7 6. Bxc6 Bxc6 7. Re1 Nf6 8. d3
Be7 9. Nbd2 O-O 10. Nf1 h6 11. Ng3 Bd7 12. h3 Qc8 13. Kh2 Nh7 14. d4 f6 15. Nh4
Rd8 16. d5 Ng5 17. Nhf5 Bf8 18. h4 Nh7 19. Be3 Kh8 20. h5 Ng5 21. Nh4 Kh7 22.
Ng6 Re8 23. Qc2 Kg8 24. c4 b5 25. b3 Qa6 26. a4 bxc4 27. bxc4 Rab8 28. Reb1 Rb7
29. Rxb7 Qxb7 30. f4 Nf7 31. a5 Rb8 32. Nxf8 Kxf8 33. f5 Qb3 34. Qxb3 Rxb3 35.
Bd2 Bc8 36. Rc1 Ba6 37. Rc2 Ke8 38. Ne2 Ng5 39. Nc1 Rb1 40. Bxg5 hxg5 41. Ne2
Rb4 42. Rc3 Bxc4 43. Ng3 a6 44. Nf1 Bxf1 0-1

[Event "2024  Perth Chess Club Championship (Reserves)"]
[Site "Woodvale, Perth WA AUS"]
[Date "2024.04.24"]
[Round "3"]
[White "Deng, Eric"]
[Black "Curtis, Calan"]
[Result "1-0"]
[ECO "D02"]
[WhiteElo "1733"]
[BlackElo "1627"]
[PlyCount "89"]
[EventDate "2024.04.10"]
[EventType "swiss"]
[EventRounds "7"]
[TimeControl "3600+30"]

1. Nf3 e6 2. d4 Be7 3. g3 d5 4. Bg2 Nf6 5. O-O O-O 6. Nbd2 b6 7. Ne5 Bb7 8. c4
Nbd7 9. f4 c5 10. e3 Nxe5 11. dxe5 Nd7 12. b3 f6 13. Bh3 f5 14. Bb2 Rc8 15. Bg2
Nb8 16. Qe2 Nc6 17. Nf3 d4 18. Rad1 Qd7 19. Kh1 Rfd8 20. exd4 Nxd4 21. Nxd4
Bxg2+ 22. Kxg2 cxd4 23. Rxd4 Qc6+ 24. Qf3 Qxf3+ 25. Kxf3 Bc5 26. Rdd1 Kf7 27.
Ke2 Ke7 28. h3 Kf7 29. Bc1 Ke7 30. Be3 Rxd1 31. Rxd1 Rd8 32. Rxd8 Kxd8 33. Bxc5
bxc5 34. a3 a5 35. Kd3 h5 36. Kc3 Kc7 37. b4 axb4+ 38. axb4 cxb4+ 39. Kxb4 Kc6
40. h4 Kb6 41. c5+ Kc6 42. Kc4 Kc7 43. Kb5 Kb7 44. c6+ Kc7 45. Kc5 1-0

[Event "2024  Perth Chess Club Championship (Reserves)"]
[Site "Woodvale, Perth WA AUS"]
[Date "2024.04.24"]
[Round "3"]
[White "Weijermars, Tristan"]
[Black "Browning, Thomas"]
[Result "1-0"]
[ECO "C45"]
[WhiteElo "1514"]
[BlackElo "1644"]
[PlyCount "41"]
[EventDate "2024.04.10"]
[EventType "swiss"]
[EventRounds "7"]
[TimeControl "3600+30"]

1. Nc3 e5 2. Nf3 Nc6 3. d4 exd4 4. Nxd4 Nxd4 5. Qxd4 c6 6. e4 d6 7. Bf4 c5 8.
Qe3 Be6 9. Bb5+ Bd7 10. Bc4 Be7 11. Qg3 g6 12. Bxd6 Bc6 13. Qf4 f6 14. Rd1 g5
15. Qg3 Qb6 16. Bxe7 Nxe7 17. Qh3 Qxb2 18. Bb3 Qa3 19. O-O Qb4 20. Qe6 Rf8 21.
Nd5 1-0

[Event "2024  Perth Chess Club Championship (Reserves)"]
[Site "Woodvale, Perth WA AUS"]
[Date "2024.04.24"]
[Round "3"]
[White "Kerr, Lennon"]
[Black "May, Wendy"]
[Result "1-0"]
[ECO "C45"]
[WhiteElo "1712"]
[BlackElo "898"]
[PlyCount "51"]
[EventDate "2024.04.10"]
[EventType "swiss"]
[EventRounds "7"]
[TimeControl "3600+30"]

1. e4 e5 2. Nf3 Nc6 3. d4 exd4 4. Nxd4 d5 5. Bb5 Bd7 6. exd5 Nxd4 7. Bxd7+ Qxd7
8. Qxd4 b6 9. O-O Bc5 10. Qxg7 Bd4 11. Qxd4 f6 12. Re1+ Ne7 13. Qxf6 Kd8 14.
Bg5 Rf8 15. Qg7 Re8 16. Nc3 h5 17. d6 cxd6 18. Nd5 Rg8 19. Qxg8+ Qe8 20. Qxe8+
Kxe8 21. Rxe7+ Kd8 22. Rc7+ Ke8 23. Re1+ Kf8 24. Ree7 Kg8 25. Nf6+ Kf8 26. Rf7#
1-0

[Event "2024  Perth Chess Club Championship (Reserves)"]
[Site "Woodvale, Perth WA AUS"]
[Date "2024.04.24"]
[Round "3"]
[White "Otis, Max"]
[Black "Michael, Ashley"]
[Result "1-0"]
[ECO "C29"]
[WhiteElo "1348"]
[BlackElo "1559"]
[PlyCount "55"]
[EventDate "2024.04.10"]
[EventType "swiss"]
[EventRounds "7"]
[TimeControl "3600+30"]

1. e4 Nf6 2. Nc3 e5 3. f4 d5 4. fxe5 Nxe4 5. Qf3 Nc6 6. Bb5 Be6 7. Bxc6+ bxc6
8. Nxe4 dxe4 9. Qxe4 Bd5 10. Qe2 Qh4+ 11. Kd1 Bc5 12. Nf3 Qg4 13. h3 Qf5 14.
Rf1 Qe4 15. Qxe4 Bxe4 16. d3 Rd8 17. Ke2 Bg6 18. Be3 Bb6 19. Nh4 Rd5 20. Nxg6
hxg6 21. Bf4 Bd4 22. e6 fxe6 23. Bxc7 Bxb2 24. Rab1 Rb5 25. c4 Re5+ 26. Bxe5
Bxe5 27. Rb7 Bd4 28. Rb8+ 1-0

[Event "2024  Perth Chess Club Championship (Reserves)"]
[Site "Woodvale, Perth WA AUS"]
[Date "2024.04.24"]
[Round "3"]
[White "Leech, Martin"]
[Black "Gough, Dylan"]
[Result "0-1"]
[ECO "C07"]
[WhiteElo "1546"]
[BlackElo "1784"]
[PlyCount "112"]
[EventDate "2024.04.10"]
[EventType "swiss"]
[EventRounds "7"]
[TimeControl "3600+30"]

1. e4 e6 2. d4 d5 3. Nd2 c5 4. exd5 Qxd5 5. Ndf3 cxd4 6. Qxd4 Qxd4 7. Nxd4 Bc5
8. Ngf3 Bd7 9. Bd3 h6 10. Nb5 Bxb5 11. Bxb5+ Nc6 12. Ne5 Nge7 13. Nxc6 bxc6 14.
Ba4 O-O 15. c3 Rac8 16. O-O Rfd8 17. b4 Bb6 18. Rd1 Rxd1+ 19. Bxd1 Rd8 20. Bf3
Rd3 21. c4 Bd4 22. Rb1 Rc3 23. Bb2 Rxc4 24. Bxd4 Rxd4 25. Rb2 Rc4 26. Kf1 Nd5
27. a3 Rc3 28. Ra2 Rb3 29. Ra1 Kf8 30. Bd1 Rc3 31. g3 Rc4 32. Be2 Rd4 33. Rc1
Ne7 34. Bf3 Rd6 35. Ke2 Ke8 36. h3 Kd8 37. Rd1 Rxd1 38. Kxd1 Kc7 39. Be2 Kb6
40. a4 a5 41. b5 cxb5 42. Bxb5 Nd5 43. Kd2 Kc5 44. Be8 f6 45. Bf7 e5 46. f3 Nb6
47. Be8 Kb4 48. Ke3 Nxa4 49. Ke4 Nc3+ 50. Kf5 Ne2 51. Kg6 Ng1 52. Kxg7 Nxf3 53.
Kxf6 a4 54. Kf5 a3 55. Bf7 Nd4+ 56. Kxe5 Nb3 0-1

[Event "2024  Perth Chess Club Championship (Reserves)"]
[Site "Woodvale, Perth WA AUS"]
[Date "2024.04.24"]
[Round "3"]
[White "Roebuck, Derek"]
[Black "Nauom, Rafik"]
[Result "0-1"]
[ECO "E91"]
[WhiteElo "1781"]
[BlackElo "1444"]
[PlyCount "56"]
[EventDate "2024.04.10"]
[EventType "swiss"]
[EventRounds "7"]
[TimeControl "3600+30"]

1. d4 Nf6 2. Nf3 g6 3. c4 Bg7 4. Nc3 c6 5. e4 d6 6. h3 O-O 7. Be2 Ne8 8. g4 e6
9. Bf4 Nd7 10. Qd2 f5 11. O-O-O fxe4 12. Nxe4 Ndf6 13. Ng3 b5 14. Bh6 bxc4 15.
Bxg7 c3 16. bxc3 Nxg7 17. Kc2 Qa5 18. Ra1 Qa4+ 19. Kc1 Rb8 20. Rb1 Rxb1+ 21.
Kxb1 Ba6 22. Bxa6 Qxa6 23. Ka1 Nd5 24. Ng5 Qa3 25. N5e4 e5 26. dxe5 dxe5 27.
Qb2 Qe7 28. h4 Ne6 {Time expired} 0-1

[Event "2024  Perth Chess Club Championship (Reserves)"]
[Site "Woodvale, Perth WA AUS"]
[Date "2024.04.24"]
[Round "3"]
[White "Rafiei Darani, Daryoush"]
[Black "Walker, Colin"]
[Result "1-0"]
[ECO "C41"]
[WhiteElo "1742"]
[BlackElo "1429"]
[PlyCount "41"]
[EventDate "2024.04.10"]
[EventType "swiss"]
[EventRounds "7"]
[TimeControl "3600+30"]

1. e4 e5 2. Nf3 d6 3. d4 exd4 4. Qxd4 Bd7 5. Be3 Nc6 6. Qd2 Nf6 7. Nc3 Be7 8.
h3 a6 9. Be2 h6 10. g4 Nh7 11. Nd5 Be6 12. O-O-O Qd7 13. Nd4 O-O-O 14. Nxc6
Rde8 15. Ncxe7+ Rxe7 16. Nxe7+ Qxe7 17. Qd4 Nf6 18. e5 dxe5 19. Qa7 Nd7 20.
Qa8+ Nb8 21. Ba7 1-0

[Event "2024  Perth Chess Club Championship (Reserves)"]
[Site "Woodvale, Perth WA AUS"]
[Date "2024.04.24"]
[Round "3"]
[White "Bhatia, Abhay"]
[Black "Brooke, John"]
[Result "1-0"]
[ECO "B28"]
[WhiteElo "1729"]
[BlackElo "1397"]
[PlyCount "73"]
[EventDate "2024.04.10"]
[EventType "swiss"]
[EventRounds "7"]
[TimeControl "3600+30"]

1. e4 c5 2. Nf3 a6 3. d4 cxd4 4. Bc4 e6 5. O-O Bc5 6. Nxd4 Ne7 7. c3 b5 8. Bd3
e5 9. Qg4 g6 10. Nf3 d6 11. Qh4 Nbc6 12. Bh6 Rg8 13. Ng5 Bd7 14. Nxh7 Nc8 15.
Nf6+ Qxf6 16. Qxf6 Be6 17. b4 Bb6 18. a4 Bd8 19. Qf3 Rh8 20. axb5 Rxh6 21. bxc6
Nb6 22. Rxa6 Rb8 23. Nd2 Bc7 24. Ra7 Na8 25. Rfa1 Kf8 26. Rxa8 Rxa8 27. Rxa8+
Kg7 28. Ra7 Bb6 29. Rb7 Bd8 30. Nc4 Rh8 31. Nxd6 Rf8 32. Bc4 Bxc4 33. Nxc4 Bf6
34. h3 Rd8 35. Rd7 Rc8 36. c7 Rf8 37. b5 1-0

[Event "2024  Perth Chess Club Championship (Reserves)"]
[Site "Woodvale, Perth WA AUS"]
[Date "2024.04.24"]
[Round "3"]
[White "Oswald, Franz"]
[Black "Powell, Darren"]
[Result "1-0"]
[ECO "E70"]
[WhiteElo "1692"]
[BlackElo "1303"]
[PlyCount "41"]
[EventDate "2024.04.10"]
[EventType "swiss"]
[EventRounds "7"]
[TimeControl "3600+30"]

1. d4 Nf6 2. c4 g6 3. Nc3 Bg7 4. e4 h6 5. f3 e6 6. Be3 b6 7. Qd2 d6 8. Nh3 Bb7
9. d5 e5 10. Nf2 Qe7 11. Be2 Na6 12. a3 Nc5 13. Qc2 O-O-O 14. b4 Ncd7 15. O-O
Rdf8 16. a4 Nh5 17. a5 Kb8 18. axb6 Nxb6 19. c5 Nc8 20. c6 Ba8 21. Qa4 1-0

[Event "2024  Perth Chess Club Championship (Reserves)"]
[Site "Woodvale, Perth WA AUS"]
[Date "2024.04.24"]
[Round "3"]
[White "Knight, Charles"]
[Black "Kerr, Carter"]
[Result "1-0"]
[ECO "C29"]
[WhiteElo "1474"]
[BlackElo "1875"]
[PlyCount "57"]
[EventDate "2024.04.10"]
[EventType "swiss"]
[EventRounds "7"]
[TimeControl "3600+30"]

1. e4 e5 2. Nc3 Nf6 3. f4 d5 4. fxe5 Nxe4 5. Nf3 Bg4 6. d4 Bb4 7. Qd3 Nc6 8.
Be2 Bxf3 9. Bxf3 O-O 10. O-O Nxd4 11. Bxe4 dxe4 12. Nxe4 Nc6 13. Qg3 Qd4+ 14.
Nf2 Qxe5 15. Qxe5 Nxe5 16. Bf4 Bd6 17. Ne4 Nc4 18. Nxd6 Nxd6 19. Rad1 Nc4 20.
Rd4 b5 21. Bxc7 Rac8 22. Rd7 Rfe8 23. Rfxf7 Re1+ 24. Kf2 Rce8 25. Rxg7+ Kh8 26.
Rxh7+ Kg8 27. Rdg7+ Kf8 28. Bf4 R1e4 29. Kg3 1-0

[Event "2024  Perth Chess Club Championship (Reserves)"]
[Site "Woodvale, Perth WA AUS"]
[Date "2024.04.24"]
[Round "3"]
[White "Boswarva, Ernest"]
[Black "Porteus, Grant"]
[Result "1-0"]
[ECO "D00"]
[WhiteElo "1497"]
[BlackElo "1183"]
[PlyCount "61"]
[EventDate "2024.04.10"]
[EventType "swiss"]
[EventRounds "7"]
[TimeControl "3600+30"]

1. d4 d5 2. e3 f5 3. c4 e6 4. Qb3 b6 5. cxd5 exd5 6. Nc3 Nf6 7. Nf3 a6 8. Nh4
Be6 9. Nf3 c5 10. Qa4+ Bd7 11. Bb5 Bxb5 12. Nxb5 Nbd7 13. Nc3 b5 14. Qc2 Bd6
15. Qxf5 cxd4 16. Nxd4 Be5 17. Nc6 Bxc3+ 18. bxc3 Qc7 19. Ba3 Qxc6 20. Rc1 Qc4
21. f3 Nc5 22. Qe5+ Ne6 23. Qd6 Ra7 24. Qb8+ Nd8 25. Qxa7 Nc6 26. Qa8+ Nd8 27.
Qxa6 Qxa2 28. Qd6 Ng8 29. O-O Qc4 30. Qf8+ Kd7 31. Qxg7+ 1-0